 Dungeon Crawl Stone Soup version 0.28.0-43-g3370ac3207 (webtiles) character file.

Game seed: 9852733526590529715

8136 CryoSword the Conjurer (level 11, -9/80 HPs)
             Began as a Demonspawn Hunter on Mar 24, 2022.
             Was a Believer of Dithmenos.
             Mangled by Grum
             ... wielding a +0 glaive
              (17 damage)
             ... on level 10 of the Dungeon.
             The game lasted 00:27:02 (10894 turns).

CryoSword the Conjurer (Demonspawn Hunter)         Turns: 10894, Time: 00:27:02

Health: -9/80      AC:  5    Str: 13    XL:     11   Next: 5%
Magic:  2/12       EV: 12    Int: 12    God:    Dithmenos [**....]
Gold:   686        SH: 12    Dex: 18    Spells: 5/12 levels left

rFire   . . .      SeeInvis .   D - +2 dagger (venom)
rCold   . . .      Faith    .   m - +0 buckler
rNeg    . . .      Spirit   .   t - +1 leather armour {Will+}
rPois   .          Reflect  .   s - +0 helmet
rElec   .          Harm     .   l - +0 cloak
rCorr   .          Rampage  .   I - +0 pair of gloves
Will    +....                   (no boots)
Stlth   ++++......              (no amulet)
HPRegen 0.23/turn               (no ring)
MPRegen 0.13/turn               (no ring)

@: about to teleport, very slightly contaminated, wreathed by umbra
A: hooves 2, large bone plates 2, demonic magic 3, deformed body
a: Renounce Religion, Shadow Step


You were on level 10 of the Dungeon.
You worshipped Dithmenos.
Dithmenos was pleased with you.
You visited 2 branches of the dungeon, and saw 13 of its levels.

You collected 686 gold pieces.

Inventory:

Hand Weapons
 a - a +1 hand crossbow
 b - a +2 short sword of draining
   (You found it on level 5 of the Dungeon)
 D - a +2 dagger of venom (weapon)
   (You took it off an orc wizard on level 8 of the Dungeon)
Missiles
 d - 120 bolts
 e - 12 poisoned darts (quivered)
 w - 2 throwing nets
 z - 4 boomerangs
 J - a curare-tipped dart
Armour
 l - a +0 cloak (worn)
   (You took it off Crazy Yiuf on level 3 of the Dungeon)
 m - a +0 buckler (worn)
   (You found it on level 6 of the Dungeon)
 s - a +0 helmet (worn)
   (You found it on level 5 of the Dungeon)
 t - a +1 leather armour of willpower (worn)
   (You found it on level 6 of the Dungeon)
 I - a +0 pair of gloves (worn)
   (You found it on level 9 of the Dungeon)
Wands
 x - a wand of digging (12)
   (You found it on level 7 of the Dungeon)
 y - a wand of iceblast (7)
   (You found it on level 7 of the Dungeon)
Scrolls
 g - 2 scrolls of vulnerability {!r}
 o - a scroll of blinking {unknown}
 p - 4 scrolls of teleportation {@r4}
 q - a scroll of enchant weapon {unknown}
 A - 3 scrolls of immolation {unknown}
 B - a scroll of fog {unknown}
 C - 2 scrolls of noise {unknown}
 E - a scroll of holy word {unknown}
 F - 3 scrolls of acquirement {unknown}
 G - a scroll of torment {unknown}
 H - a scroll of magic mapping {unknown}
Potions
 c - a potion of invisibility {unknown}
 f - a potion of lignification {unknown}
 h - 2 potions of might
 i - 5 potions of mutation {!q}
 j - 2 potions of cancellation
 k - a potion of flight
 n - 2 potions of haste {@q3}
 r - 2 potions of brilliance
 u - a potion of curing {@q1}


   Skills:
 + Level 5.2 Fighting
 * Level 6.0 Short Blades
 - Level 4.5 Crossbows
 + Level 2.6 Dodging
 * Level 6.7 Stealth
 + Level 5.5 Shields
 + Level 1.3 Spellcasting
 + Level 7.8 Conjurations
 + Level 7.1 Fire Magic


You had 5 spell levels left.
You knew the following spells:

 Your Spells              Type           Power      Damage    Failure   Level
a - Foxfire               Conj/Fire      72%        2x1d7     2%          1
b - Flame Wave            Conj/Fire      18%        2d6       22%         4
B - Blink                 Tloc           0%         N/A       58%         2

Your spell library contained the following spells:

 Spells                   Type           Power      Damage    Failure   Level
 Conjure Flame            Conj/Fire      18%        6-21      7%          3
 Inner Flame              Hex/Fire       9%         N/A       34%         3
 Manifold Assault         Tloc           0%         N/A       100%        5
 Summon Forest            Summ/Tloc      0%         N/A       100%        5
 Summon Mana Viper        Hex/Summ       0%         N/A       100%        5
 Summon Cactus Giant      Summ           0%         N/A       100%        6
 Storm Form               Tmut/Air       0%         N/A       100%        7


Dungeon Overview and Level Annotations

Branches:
Dungeon (12/15)            Temple (1/1) D:5
   Lair: D:8-11         Orc: D:9-12

Altars:
Ashenzari
Cheibriados
Dithmenos
Elyvilon
Fedhas
Gozag
Hepliaklqana
Kikubaaqudgha
Makhleb
Nemelex Xobeh
Okawaru
Qazlal
Ru
Sif Muna
Trog
Uskayaw
Vehumet
Wu Jian
Xom
Yredelemnul
Zin
The Shining One

Shops:
D:5 (

Annotations:
D:9 3 runed translucent doors, MrShunz's ghost, novice DECj
D:10 Grum


Innate Abilities, Weirdness & Mutations

You have hoof-like feet.
You are mostly covered in large bone plates. (SH +6)
Spells you cast and wands you use may paralyse nearby enemies.
Armour fits poorly on your strangely shaped body.


Message History

The foxfire hits the orc.
The foxfire hits the orc but does no damage.
The helpless orc fails to defend itself.
You stick the orc like a pincushion!!!
You kill the orc!
Dithmenos accepts your kill.
An orc warrior is nearby!
An orc warrior is nearby!
An orc warrior is nearby!
Things that are here:
a +0 short sword; a +0 ring mail; an orc corpse An orc comes into view.
It is wielding a +0 hand axe.
The orc warrior shouts!
You conjure some foxfire!
Malevolent energies surge around you.
You conjure some foxfire!
Malevolent energies surge around you.
The foxfire hits the orc warrior. x2
You conjure some foxfire!
Malevolent energies surge around you.
The orc warrior suddenly stops moving!
The foxfire hits the orc warrior but does no damage. x2
You conjure some foxfire!
Malevolent energies surge around you.
The foxfire hits the orc but does no damage.
You conjure some foxfire!
Malevolent energies surge around you.
The orc warrior is no longer paralysed.
The foxfire hits the orc. x2
You kill the orc!
Dithmenos accepts your kill.
The foxfire hits the orc warrior but does no damage.
The foxfire hits the orc warrior but does no damage.
The foxfire hits the orc warrior.
The orc warrior closely misses you.
You barely miss the orc warrior.
The orc warrior hits you with a +0 trident.
You hit the orc warrior.
The orc warrior is poisoned.
Your kick misses the orc warrior.
The orc warrior hits you with a +0 trident!
You conjure some foxfire!
Malevolent energies surge around you. The orc warrior closely misses you.
You conjure some foxfire!
Malevolent energies surge around you.
The foxfire hits the orc warrior.
The foxfire hits the orc warrior but does no damage.
The orc warrior hits you with a +0 trident!
You conjure some foxfire!
Malevolent energies surge around you.
The orc warrior suddenly stops moving!
The foxfire hits the orc warrior.
The foxfire hits the orc warrior but does no damage.
You are too injured to fight recklessly!
You are too injured to fight recklessly!
The helpless orc warrior fails to defend itself.
You skewer the orc warrior like a kebab!!!
You kill the orc warrior!
Dithmenos accepts your kill.
You start resting.
You start resting.
Items here: )) [[ †.
There is an open door here.
You now have 672 gold pieces (gained 13).
Items here: )) [[.
There is an open door here.
Things that are here:
a +0 short sword; a +0 ring mail; an orc corpse An electric eel is nearby!
No reachable target in view!
You conjure some foxfire!
Malevolent energies surge around you.
The electric eel shoots out a bolt of lightning at you!
The bolt of electricity hits your foxfire!
The bolt of electricity hits you!
You conjure some foxfire!
Malevolent energies surge around you.
The foxfire hits the electric eel. x2
The electric eel is engulfed in a cloud of scalding steam.
You kill the electric eel!
Dithmenos accepts your kill.
You hear a splash.
You conjure some foxfire!
Malevolent energies surge around you.
You conjure some foxfire!
Malevolent energies surge around you.
You now have 686 gold pieces (gained 14).
Things that are here:
a +0 flail; an orc skeleton
Found a chain mail.
e - 12 poisoned darts (gained 2)
You see here a +0 chain mail. 2 wolves come into view.
Found 12 gold pieces.
There are monsters nearby!
There are monsters nearby!
There are monsters nearby!
Grum, 2 wolves and a two-headed ogre come into view.
Grum is wielding a +0 glaive and carrying a wand of flame (5).
Found a book of Air.
The wolf howls! x3
You conjure some foxfire!
Malevolent energies surge around you.
The wolf suddenly stops moving!
You block the wolf's attack. The wolf bites you.
You barely miss the wolf. Your kick misses the wolf.
The foxfire hits the wolf but does no damage.
There is not enough space to conjure foxfire!
You block the wolf's attack. The wolf bites you but does no damage.
You conjure some foxfire!
Malevolent energies surge around you.
The wolf suddenly stops moving!
The foxfire hits the wolf but does no damage.
You hit the wolf. You block the wolf's attack.
The wolf bites you but does no damage.
You closely miss the wolf. The wolf misses you. The wolf bites you.
You block the wolf's attack. x2
You closely miss the wolf. The wolf misses you. The wolf bites you.
You barely miss the wolf. Your kick misses the wolf.
The wolf is no longer paralysed.
The wolf bites you! You block the wolf's attack.
Grum drinks a potion.
Grum seems to speed up.
There is not enough space to conjure foxfire!
Unknown command.
You miscast Flame Wave.
You are very lightly contaminated with residual magic.
Nothing appears to happen.
The wolf closely misses you. The wolf bites you! The wolf barely misses you. x2
A wave of flame ripples out!
The flame wave engulfs the wolf. x2 (Press . to intensify the flame waves.) Malevolent energies surge around you.
The wolf suddenly stops moving!
Grum suddenly stops moving!
The wolf suddenly stops moving!
You hear two shouts!
A wave of flame ripples out!
The flame wave engulfs the wolf!
The flame wave engulfs the wolf. x2
You hear a howl!
A wave of flame ripples out!
The flame wave engulfs the wolf!
The flame wave engulfs the wolf. x2; The flame wave engulfs Grum.
You finish channelling waves of flame.
Grum is no longer paralysed.
Grum grunts.
The helpless wolf fails to defend itself.
You stick the wolf like a pincushion!!!
You kill the wolf!
Dithmenos accepts your kill.
The wolf is no longer paralysed.
Grum hits you from afar with a +0 glaive!!
* * * LOW HITPOINT WARNING * * *
The wolf bites you!
* * * LOW HITPOINT WARNING * * *
Okay, then.
Okay, then.
As you read the scroll of teleportation {@r4}, it crumbles to dust.
You feel strangely unstable. The wolf bites you but does no damage.
Grum zaps a wand.
The puff of flame hits you!
* * * LOW HITPOINT WARNING * * *
The wolf misses you.
Unknown command.
Okay, then.
As you read the scroll of fear, it crumbles to dust.
You assume a fearsome visage.
Grum looks frightened!
The wolf looks frightened! x2
The two-headed ogre looks frightened!
Cornered, Grum turns to fight!
Grum hits you from afar with a +0 glaive!
You die...

#... #... #... #####
#### #.h.#
.......#.#
...h...#.#####.#
..$.h.##.Og..#.#
....gh #####@#.#
###### ..h..: #.#.#
+..... ..O.. ###h#.#
...###..o ####.
#...#.# ....# #...
#.###.## ....# #..)
#......###..........
######..............
#..8≈≈≈≈≈≈≈≈≈≈≈
#..≈8≈≈≈≈≈≈≈≈≈≈


You could see a two-headed ogre (fleeing), Grum (fast) and a wolf (fleeing).

Vanquished Creatures
  Harold (D:7)
  A two-headed ogre (D:9)
  Urug (D:12)
  A cyclops (D:9)
  Joseph (D:9)
  A gargoyle (D:12)
  An unseen horror (D:10)
  Psyche (D:10)
  A tengu conjurer (D:8)
  A troll (D:9)
  A wraith (D:11)
  Eustachio (D:6)
  A steam dragon (D:8)
  An acid dragon (D:8)
  A water moccasin (D:7)
  A black bear (D:5)
  A hornet zombie (D:8)
  2 ice beasts
  5 orc warriors
  A sky beast (D:5)
  A wolf (D:10)
  An ogre (D:4)
  2 centaurs (D:8)
  A phantom (D:5)
  A kobold brigand (D:9)
  2 bullfrogs
  3 scorpions
  A water moccasin skeleton (D:4)
  A water moccasin zombie (D:5)
  6 killer bees (D:10)
  11 wights
  2 electric eels (D:10)
  3 howler monkeys
  2 centaur zombies
  A bullfrog skeleton (D:5)
  A jelly (D:6)
  6 orc priests
  Crazy Yiuf (D:3)
  A gnoll shaman (D:9)
  A hound (D:6)
  An iron imp (D:9)
  Ijyb (D:4)
  2 iguanas (D:5)
  12 orc wizards
  A howler monkey zombie (D:8)
  5 gnolls
  10 adders
  A shadow imp (D:7)
  An ufetubus (D:7)
  2 worms
  2 dart slugs
  27 orcs
  15 ball pythons
  5 endoplasms
  4 giant cockroaches
  11 goblins
  4 hobgoblins
  9 jackals
  4 quokkas
  4 bats
  4 frilled lizards
  14 kobolds
  7 rats
219 creatures vanquished.

Vanquished Creatures (others)
  An orc (D:10)
  460 foxfires
  2 fungi (D:3)
  5 toadstools (D:1)
468 creatures vanquished.

Grand Total: 687 creatures vanquished

Notes
Turn   | Place    | Note
-------+----------+-------------------------------------------
     0 | D:1      | CryoSword the Demonspawn Hunter began the quest for the
                  | Orb.
     0 | D:1      | Reached XP level 1. HP: 16/16 MP: 1/1
   225 | D:1      | Gained mutation: You are partially covered in large bone
                  | plates. (SH +4) [demonic ancestry]
   225 | D:1      | Reached XP level 2. HP: 22/22 MP: 2/2
   580 | D:1      | Found a faded altar of an unknown god.
   582 | D:1      | Gained mutation: Spells you cast may paralyse adjacent
                  | enemies. [demonic ancestry]
   582 | D:1      | Reached XP level 3. HP: 28/28 MP: 3/3
  1356 | D:2      | Gained mutation: You have large cloven feet. [demonic
                  | ancestry]
  1356 | D:2      | Reached XP level 4. HP: 34/34 MP: 4/4
  1488 | D:2      | Learned a level 1 spell: Foxfire
  1950 | D:3      | Found an opulent altar of Gozag.
  1958 | D:3      | Found a broken altar of Ashenzari.
  1981 | D:3      | Gained mutation: Armour fits poorly on your strangely
                  | shaped body. [potion of mutation]
  2118 | D:3      | Reached skill level 1 in Conjurations
  2118 | D:3      | Reached skill level 1 in Fire Magic
  2396 | D:3      | Found a runed translucent door.
  2397 | D:3      | Noticed Crazy Yiuf
  2536 | D:3      | Found a shimmering altar of Xom.
  2537 | D:3      | Found a shimmering altar of Xom.
  2538 | D:3      | Found a shimmering altar of Xom.
  2540 | D:3      | Found a shimmering altar of Xom.
  2774 | D:3      | Killed Crazy Yiuf
  2775 | D:3      | Gained mutation: You are mostly covered in large bone
                  | plates. (SH +6) [demonic ancestry]
  2775 | D:3      | Reached XP level 5. HP: 41/41 MP: 5/5
  2926 | D:4      | Noticed an ogre
  2929 | D:4      | Killed an ogre
  2930 | D:4      | Reached skill level 1 in Spellcasting
  2972 | D:4      | Gained mutation: Spells you cast may paralyse nearby
                  | enemies. [demonic ancestry]
  2972 | D:4      | Reached XP level 6. HP: 11/47 MP: 7/7
  3291 | D:4      | Learned a level 4 spell: Flame Wave
  3488 | D:4      | Noticed Ijyb
  3510 | D:4      | Killed Ijyb
  3841 | D:4      | Found a sparkling altar of Nemelex Xobeh.
  4016 | D:5      | Entered Level 5 of the Dungeon
  4026 | D:5      | Reached XP level 7. HP: 48/52 MP: 4/8
  4266 | D:4      | Learned a level 2 spell: Blink
  4291 | D:5      | Found a burning altar of Makhleb.
  4317 | D:5      | Found a staircase to the Ecumenical Temple.
  4328 | Temple   | Entered the Ecumenical Temple
  4333 | Temple   | Became a worshipper of Dithmenos the Shadowed
  4430 | D:5      | Reached skill level 1 in Stealth
  4484 | D:5      | Reached skill level 1 in Short Blades
  4487 | D:5      | Reached skill level 5 in Conjurations
  4717 | D:5      | Gained mutation: Spells you cast and wands you use may
                  | paralyse nearby enemies. [demonic ancestry]
  4717 | D:5      | Reached XP level 8. HP: 58/58 MP: 7/9
  4947 | D:5      | Found Vext's Weapon Emporium.
  5470 | D:6      | Reached skill level 5 in Fire Magic
  5854 | D:6      | Noticed Eustachio
  5861 | D:6      | Killed Eustachio
  5862 | D:6      | Reached skill level 1 in Shields
  6019 | D:7      | Noticed Harold
  6035 | D:7      | Killed Harold
  6036 | D:7      | Reached XP level 9. HP: 64/64 MP: 6/10
  7080 | D:8      | Reached * piety under Dithmenos
  7247 | D:8      | Found a bloodstained altar of Trog.
  8053 | D:8      | Identified the +5 shortbow of Causality {venom, Int+5
                  | Stlth-}
  8104 | D:8      | Noticed a tengu conjurer
  8308 | D:9      | Noticed a cyclops
  8331 | D:9      | Killed a cyclops
  8332 | D:9      | Reached skill level 5 in Stealth
  8332 | D:9      | Reached XP level 10. HP: 72/72 MP: 7/11
  8365 | D:9      | Noticed Joseph
  8424 | D:9      | Killed Joseph
  8684 | D:9      | Found a runed translucent gate.
  8684 | D:9      | Found a runed translucent gate.
  8685 | D:9      | Found a runed translucent gate.
  8688 | D:9      | Noticed MrShunz's ghost (novice DECj)
  8698 | D:9      | You fall into a shaft and drop 3 floors!
  8700 | D:12     | Noticed a gargoyle
  8701 | D:12     | Killed a gargoyle
  8785 | D:12     | Noticed Urug
  8790 | D:12     | Killed Urug
  8791 | D:12     | Reached skill level 5 in Short Blades
  8857 | D:10     | Entered Level 10 of the Dungeon
  9306 | D:10     | Noticed Psyche
  9311 | D:10     | Killed Psyche
  9312 | D:10     | Reached skill level 5 in Shields
  9478 | D:10     | Reached ** piety under Dithmenos
  9927 | D:9      | Noticed a two-headed ogre
  9937 | D:9      | Killed a two-headed ogre
  9938 | D:9      | Reached skill level 5 in Fighting
 10034 | D:9      | Found a snail-covered altar of Cheibriados.
 10403 | D:10     | Gained mutation: You have hoof-like feet. [demonic
                  | ancestry]
 10403 | D:10     | Reached XP level 11. HP: 67/79 MP: 7/12
 10873 | D:10     | Noticed Grum
 10873 | D:10     | Noticed a two-headed ogre
 10894 | D:10     | Mangled by Grum

Illustrated notes

Levels and vault maps discovered:
D:1:      ldierk_walled_garden, layout_basic,
          dreamdust_ecumenical_altar_angels_and_demons
D:2:      layout_basic
D:3:      layout_rooms, mainiacjoe_overflow_big_doors, xom_redecorated,
          uniq_crazy_yiuf_cottage
D:4:      kennysheep_goblin_castle, layout_basic, lemuel_crystal_altar
D:5:      layout_gridville, overflow_temple_1_default,
          minmay_temple_entry_statues_pillars, serial_shops, shop_fountains
D:6:      layout_basic, uniq_eustachio
D:7:      layout_gridville, uniq_harold
D:8:      kennysheep_blocky_hall, layout_gridville, mainiacjoe_overflow_paths
D:9:      layout_loops_cross, chei_slow_surprise, ebering_ghost_rock_garden,
          uniq_joseph
D:10:     layout_basic, erik_orc_2, uniq_grum, uniq_sonja, uniq_psyche
D:11:     layout_loops_corners, erik_lair_island, hellmonk_bongcloud_opening
D:12:     layout_roguey, kennysheep_generic_room_8, uniq_erolcha, uniq_urug
Temple:   minmay_freezing_vapour_temple

Skill      XL: |  1  2  3  4  5  6  7  8  9 10 11 |
---------------+----------------------------------+-----
Dodging        | 2 |  2.6
Crossbows      | 4 |  4.5
Conjurations   | 1 2 3 5 6 7 |  7.8
Fire Magic     | 1 2 3 4 6 7 |  7.1
Fighting       | 3 4 5 |  5.2
Spellcasting   | 1 |  1.3
Stealth        | 1 3 5 6 |  6.7
Short Blades   | 1 2 4 5 6 |  6.0
Shields        | 2 3 5 |  5.5

Action                   |  1- 3 |  4- 6 |  7- 9 | 10-12 || total
-------------------------+-------+-------+-------+-------++-------
Melee: Dagger            |       |    18 |   118 |    67 ||   203
       Kick              |       |     6 |    39 |    11 ||    56
       Unarmed           |       |     3 |       |       ||     3
       Punch             |       |       |     1 |       ||     1
 Fire: Hand crossbow     |   104 |   117 |       |       ||   221
 Cast: Foxfire           |       |    30 |   115 |   121 ||   266
       Flame Wave        |       |       |       |     1 ||     1
  Use: Potion            |       |     6 |     1 |       ||     7
       Scroll            |       |     2 |     5 |     2 ||     9
 Stab: Paralysed         |       |     8 |    65 |    28 ||   101
       Sleeping          |       |     1 |     7 |     7 ||    15
       Distracted        |       |       |     1 |     1 ||     2
Armor: Leather armour    |     3 |     4 |    27 |     5 ||    39
       Skin              |       |     1 |       |       ||     1
Dodge: Dodged            |    13 |    35 |    56 |    39 ||   143
Block: Other             |     5 |    16 |    14 |       ||    35
       Buckler           |       |       |    42 |    36 ||    78
